 Dungeon Crawl Stone Soup version 0.32-a0-672-gff75c0d (webtiles) character file.

Game seed: 7226537769245495587

2869 Dorkslayer the Ruffian (level 9, -2/61 HPs)
             Began as an Octopode Fighter on Mar 10, 2024.
             Killed by the air
             ... invoked by asteosic's ghost
              (20 damage)
             ... on level 6 of the Dungeon.
             The game lasted 00:17:39 (5061 turns).

Dorkslayer the Ruffian (Octopode Fighter)           Turns: 5061, Time: 00:17:39

Health: -2/61      AC:  1    Str: 20    XL:     9   Next: 76%
Magic:  9/9        EV: 11    Int: 10    God:
Gold:   297        SH: 23    Dex: 11    Spells: 8/8 levels left

rFire   . . .        c - +3 flail (holy)
rCold   . . .        q - +5 tower shield of the Vaults {rN+ Stlth+}
rNeg    + . .        (helmet currently unavailable)
rPois   .            f - amulet of reflection
rElec   .            (no ring)
rCorr   .            (no ring)
SInv    .            (no ring)
Will    .....        (no ring)
Stlth   +++++        (no ring)
HPRegen 0.30/turn    (no ring)
MPRegen 0.11/turn    (no ring)
                     (no ring)

%: reflection
@: beast-form
A: beast (slay +2), almost no armour, amphibious, 8 rings, camouflage 1,
gelatinous body 1, (nimble swimmer 1), tentacles
a: Begin Untransformation


You were on level 6 of the Dungeon.
You were a hulking beast.
You visited 1 branch of the dungeon, and saw 7 of its levels.
You also visited: Ossuary.

You collected 417 gold pieces.
You spent 120 gold pieces at shops.

Inventory:

Hand Weapons
 c - a +3 flail of holy wrath (weapon)
 n - a +1 vampiric hand axe
 A - a +2 flail of freezing
Armour
 b - a +2 buckler
 q - the +5 tower shield of the Vaults (worn) {rN+ Stlth+}
   (You found it on level 3 of the Dungeon)

   rN+:       It protects you from negative energy.
   Stlth+:    It makes you more stealthy.
Jewellery
 f - an amulet of reflection (around mantle)
Talismans
 e - a beast talisman (active)
 s - a blade talisman
Wands
 a - a wand of warping (10)
 m - a wand of flame (30)
 r - a wand of polymorph (14)
 v - a wand of charming (36)
Scrolls
 g - a scroll of blinking
 j - 2 scrolls of fear {unknown}
 l - 2 scrolls of enchant armour {unknown}
 p - 6 scrolls of teleportation
 w - 2 scrolls of noise {unknown}
 x - a scroll of revelation
 y - a scroll of fog {unknown}
 B - a scroll of immolation {unknown}
Potions
 d - a potion of resistance
 i - a potion of mutation
 k - a potion of attraction
 t - a potion of magic {unknown}
 u - a potion of heal wounds {unknown}
 z - a potion of enlightenment {unknown}


   Skills:
 * Level 5.3 Fighting
 + Level 4.2 Dodging
 + Level 6.3 Stealth
 * Level 6.3 Shields
 * Level 7.4 Unarmed Combat
 * Level 4.5 Evocations
 * Level 4.0 Shapeshifting


You had 8 spell levels left.
You didn't know any spells.
Your spell library contained the following spells:

 Spells                   Type           Power      Damage    Failure   Level
 Apportation              Tloc           0%         N/A       92%         1
 Necrotise                Necr           0%         1d4       92%         1
 Sting                    Conj/Alch      0%         1d3       92%         1
 Summon Small Mammal      Summ           0%         N/A       92%         1
 Summon Blazeheart Golem  Fire/Summ      0%         N/A       100%        4
 Orb of Destruction       Conj           0%         9d5       100%        7
 Spellforged Servitor     Conj/Summ      0%         N/A       100%        7


Dungeon Overview and Level Annotations

Branches:
Dungeon (7/15)            Ossuary (visited)
 Temple: D:4-7

Altars:
Cheibriados
Elyvilon
Kikubaaqudgha
Makhleb
Okawaru
Ru
Wu Jian
Xom
Yredelemnul
Zin
The Shining One

Shops:
D:2 (*[   D:3 ?

Annotations:
D:1 2 transporters
D:6 asteosic's ghost, novice TeAE


Innate Abilities, Weirdness & Mutations

You are a hulking beast.
Your limbs bulge with bestial killing power. (Slay +2)
You cannot wear most types of armour.
You are amphibious.
You can wear up to eight rings at the same time.
Your skin changes colour to match your surroundings (Stealth+).
Your rubbery body absorbs attacks. (AC +1, EV +1)
((You are camouflaged when in or above water. (Stealth+)))
You have tentacles for arms and can constrict up to eight enemies at once.


Message History

Asteosic's ghost waves its arms in wide circles.
The air twists around and strikes you!
You closely miss asteosic's ghost.
Asteosic's ghost is lightly damaged.
Asteosic's ghost gestures at you while chanting.
The zap hits you! You block asteosic's ghost's attack.
You thump asteosic's ghost!
Asteosic's ghost convulses.
Asteosic's ghost is heavily damaged.
Asteosic's ghost hits you. Asteosic's ghost freezes you.
You miss asteosic's ghost.
Asteosic's ghost is heavily damaged.
You block asteosic's ghost's attack. Asteosic's ghost hits you.
Asteosic's ghost freezes you.
You miss asteosic's ghost. Your squeeze misses asteosic's ghost.
Asteosic's ghost is heavily damaged.
Asteosic's ghost casts a spell at you. The zap hits you.
Asteosic's ghost hits you. Asteosic's ghost freezes you.
You feel better. You block asteosic's ghost's attack.
You hit asteosic's ghost but do no damage.
Asteosic's ghost is heavily damaged.
You block asteosic's ghost's attack.
You sock asteosic's ghost!
Asteosic's ghost convulses.
Asteosic's ghost is severely damaged.
Asteosic's ghost hits you. Asteosic's ghost freezes you.
You block asteosic's ghost's attack.
You hit asteosic's ghost but do no damage.
Asteosic's ghost is severely damaged.
Asteosic's ghost casts a spell at you. The zap misses you.
Asteosic's ghost hits you.
* * * LOW HITPOINT WARNING * * *
Asteosic's ghost freezes you.
* * * LOW HITPOINT WARNING * * *
You feel better.
Asteosic's ghost waves its arms in wide circles.
The air twists around and strikes you!
* * * LOW HITPOINT WARNING * * *
You feel better.
Asteosic's ghost waves its arms in wide circles.
The air twists around and strikes you!!
You die...

##.##### #.# ######### #.# #.#
######### #####.####
#.#################
#..)%....######..#(..(.##..(..###
#.(##.#..........#...(.##.###.###
#..#.....####.#..'.(...##.###.###
........^# #....'....(#....>....
#..###...# ###..W..♣..##.###.###
#..!.....# #.h#(...♣##.....###
#.....).## ##..#.....##########
#####...# #...################ #
#...# #.#.#.#### ######### #
#...# #.#......########### #
#...# ####[##......##########
#####...###.......<##..#.....# #
............##+##...#..#.....# #
............#...#............# #


You could see asteosic's ghost.

Vanquished Creatures
  Pikel (D:6)
  Eustachio (D:4)
  Edmund (D:6)
  Menkaure (D:4)
  A water moccasin (D:5)
  Duvessa (D:4)
  2 ice beasts (D:6)
  2 centaurs (D:5)
  3 lemures (D:6)
  A phantom (D:5)
  3 scorpions
  5 wights
  2 burial acolytes (Ossuary)
  Dowan (D:4)
  A howler monkey (D:5)
  4 orc priests
  3 bombardier beetles
  2 hounds (D:6)
  A gnoll bouda (D:5)
  An iguana (D:4)
  An iron imp (D:3)
  2 sleepcaps (D:6)
  Ijyb (D:5)
  2 orc wizards (D:6)
  Robin (D:5)
  11 adders
  7 gnolls
  2 ufetubi (D:5)
  2 adder skeletons (Ossuary)
  2 ribbon worms (D:2)
  2 dart slugs
  18 orcs
  10 ball pythons
  4 bats
  13 endoplasms
  13 goblins
  11 hobgoblins
  7 jackals
  8 quokkas
  4 ball python skeletons (Ossuary)
  3 frilled lizards
  4 kobolds
  3 kobold skeletons (Ossuary)
  An orc skeleton (Ossuary)
  7 rats
176 creatures vanquished.

Vanquished Creatures (others)
  A gnoll (D:4)
1 creature vanquished.

Grand Total: 177 creatures vanquished

Notes
Turn   | Place    | Note
-------+----------+-------------------------------------------
     0 | D:1      | Dorkslayer the Octopode Fighter began the quest for the
                  | Orb.
     0 | D:1      | Reached XP level 1. HP: 16/16 MP: 1/1
    53 | D:1      | Reached XP level 2. HP: 14/21 MP: 2/2
   212 | D:1      | Reached XP level 3. HP: 26/26 MP: 3/3
   212 | D:1      | Found a faded altar of an unknown god.
   696 | D:2      | Found Puecs's Antique Armour Boutique.
   802 | D:2      | Found Otigyann's Weapon Emporium.
   816 | D:2      | Reached skill level 3 in Unarmed Combat
   821 | D:2      | Reached XP level 4. HP: 10/31 MP: 4/4
  1001 | D:2      | Found Tuijuh's Assorted Antiques.
  1014 | D:2      | Bought a scroll labelled FOROQE JORHAIR for 24 gold pieces
  1014 | D:2      | Bought a runed glass wand for 96 gold pieces
  1103 | D:2      | Reached skill level 1 in Shapeshifting
  1132 | D:2      | Reached skill level 1 in Stealth
  1352 | D:3      | Found The Oracle's Delphic Readings.
  1446 | D:3      | Found an iron altar of Okawaru.
  1452 | D:3      | Found an ancient bone altar of Kikubaaqudgha.
  1454 | D:3      | Found a shimmering altar of Xom.
  1454 | D:3      | Found a sacrificial altar of Ru.
  1460 | D:3      | Found a snail-covered altar of Cheibriados.
  1474 | D:3      | Reached XP level 5. HP: 24/36 MP: 5/5
  1639 | D:3      | Reached skill level 1 in Evocations
  1661 | D:3      | Identified the +5 tower shield of the Vaults {rN+ Stlth+}
  1798 | D:3      | Found a burning altar of Makhleb.
  2024 | D:4      | Reached XP level 6. HP: 42/42 MP: 6/6
  2033 | D:4      | Found a glowing golden altar of the Shining One.
  2167 | D:4      | Reached skill level 4 in Unarmed Combat
  2180 | D:4      | Noticed Eustachio
  2208 | D:4      | Killed Eustachio
  2209 | D:4      | Reached XP level 7. HP: 47/47 MP: 7/7
  2298 | D:4      | You fall into a shaft and drop 3 floors!
  2300 | D:7      | Identified the +2 rapier of Profit {chaos, rElec rPois
                  | Str+5 Int-3}
  2378 | D:6      | Found a sand-covered staircase.
  2383 | Ossuary  | Entered an ossuary
  2692 | D:5      | Entered Level 5 of the Dungeon
  2697 | D:5      | Reached skill level 5 in Unarmed Combat
  2697 | D:5      | Reached XP level 8. HP: 21/54 MP: 8/8
  2820 | D:5      | Reached skill level 5 in Stealth
  2825 | D:5      | Found a glowing silver altar of Zin.
  3288 | D:5      | Found an ornate altar of the Wu Jian Council.
  3377 | D:5      | Found a white marble altar of Elyvilon.
  3897 | D:4      | Noticed Menkaure
  3905 | D:4      | Killed Menkaure
  3953 | D:4      | Reached skill level 5 in Shields
  3994 | D:4      | Noticed Dowan
  4001 | D:4      | Noticed Duvessa
  4005 | D:4      | Killed Dowan
  4013 | D:4      | Killed Duvessa
  4195 | D:5      | Reached skill level 6 in Unarmed Combat
  4238 | D:5      | Noticed Ijyb
  4239 | D:5      | Noticed Robin
  4241 | D:5      | Killed Robin
  4251 | D:5      | Killed Ijyb
  4252 | D:5      | Reached XP level 9. HP: 59/59 MP: 9/9
  4588 | D:6      | Found a basalt altar of Yredelemnul.
  4636 | D:6      | Reached skill level 5 in Fighting
  4645 | D:6      | Noticed Pikel
  4645 | D:6      | Noticed Edmund
  4663 | D:6      | Killed Pikel
  4664 | D:6      | Reached skill level 7 in Unarmed Combat
  4668 | D:6      | Killed Edmund
  4872 | D:6      | Found a runed translucent gate.
  4902 | D:6      | Found a runed translucent gate.
  4902 | D:6      | Found a runed translucent gate.
  4903 | D:6      | Noticed asteosic's ghost (novice TeAE)
  5061 | D:6      | Killed from afar by asteosic's ghost

Illustrated notes

Levels and vault maps discovered:
D:1:      spicycebolla_arrival_transporter_tutorial, layout_rooms,
          hellmonk_ecumenical_altar_zigzags, hangedman_decor_growths
D:2:      layout_loops_ring, serial_shops, shop, nicolae_shop_scrapyard,
          nicolae_shop_hallway_plus
D:3:      layout_rooms, nicolae_overflow_hallway_of_the_gods, demons_altar,
          nicolae_nh_oracle_at_delphi
D:4:      layout_cave_pods, tso_oasis_becter, kennysheep_generic_room_9,
          uniq_eustachio, uniq_menkaure, uniq_duvessa
D:5:      layout_loops_corners, kennysheep_mini,
          nicolae_wu_jian_immortal_techniques, amcnicky_altar_gilded,
          nicolae_goblin_pals
D:6:      layout_loops_cross, mainiacjoe_overflow_paths, enter_ossuary_2,
          ebering_ghost_rock_garden, uniq_edmund, uniq_pikel
D:7:      layout_layer_cave, minmay_temple_entry_nine_rooms

Skill      XL: |  1  2  3  4  5  6  7  8  9 |
---------------+----------------------------+-----
Unarmed Combat | 3 4 5 6 7 |  7.4
Shapeshifting  | 1 2 3 4 |  4.0
Stealth        | 1 2 4 5 6 |  6.3
Evocations     | 1 2 3 4 |  4.5
Shields        | 4 5 6 |  6.3
Fighting       | 4 5 |  5.3
Dodging        | 4 |  4.2

Action                     |  1- 3 |  4- 6 |  7- 9 || total
---------------------------+-------+-------+-------++-------
  Melee: Unarmed           |    95 |    88 |   179 ||   362
         Tentacles         |    20 |    24 |    45 ||    89
         Constrict         |    15 |    26 |    54 ||    95
         Punch             |     2 |     5 |    10 ||    17
         Flail             |       |       |    10 ||    10
  Evoke: Wand              |       |     7 |    10 ||    17
    Use: Scroll            |       |     8 |     5 ||    13
         Potion            |       |       |     6 ||     6
   Stab: Distracted        |     1 |       |       ||     1
         Sleeping          |     3 |     8 |    18 ||    29
         Confused          |       |       |     1 ||     1
         Invisible         |       |       |     5 ||     5
 Armour: Skin              |    25 |    26 |    39 ||    90
  Dodge: Dodged            |    48 |    22 |    22 ||    92
  Block: Buckler           |    22 |     7 |       ||    29
         Tower shield      |       |    34 |   178 ||   212
         Reflection        |       |     3 |     6 ||     9
         Other             |       |       |     1 ||     1
   Form: Beast             |     1 |       |       ||     1

Table legend: (Time is in decaauts)
 A = Elapsed time spent in this place.
 B = Non-inter-level travel time spent in this place.
 C = Inter-level travel time spent in this place.
 D = Time resting spent in this place.
 E = Time spent auto-exploring this place.
 F = Levels seen in this place.
 G = Mean time per level.
                   A        B        C        D        E       F      G
               +--------+--------+--------+--------+--------+-----+--------+
         Total |   5090 |   5090 |      0 |    160 |   2204 |   8 |  636.2 |
       Dungeon |   4792 |   4792 |      0 |    160 |   2167 |   7 |  684.6 |
       Ossuary |    297 |    297 |      0 |      0 |     37 |   1 |  297.0 |
               +--------+--------+--------+--------+--------+-----+--------+

Top non-repeatable levels by time:
     D:4: 1037 daAuts
     D:5: 1008 daAuts
     D:2: 773 daAuts
     D:6: 742 daAuts
     D:3: 642 daAuts
     D:1: 570 daAuts
 Ossuary: 297 daAuts
     D:7: 17 daAuts
